[Event "Monday 29 January Rapid Engine Tour 12+1 Rounds 9 Starts 1600 ST"]
[Site "Infinity Chess"]
[Date "2018.1.29"]
[Round "7"]
[White "Katzenmaier"]
[Black "Dinkelberger"]
[Result "1-0"]
[ECO "C14"]
[WhiteElo "2471"]
[BlackElo "2395"]
[WhiteEngine "SugaR XPrO x64 POPCNT_CTG"]
[BlackEngine "stockfish_18012814_x64_modern_CTG"]
[EventType "Swiss"]
[WhiteTeam ""]
[BlackTeam ""]
[PlyCount "67"]
[TimeControl "720+1"]

1. e4 e6 2. d4 d5 3. Nc3 Nf6 4. Bg5 Be7 5. e5 Nfd7 6. Bxe7 Qxe7 7. f4 O-O 
8. Nf3 c5 9. Qd2 a6 10. dxc5 Nxc5 11. a3 Qc7 12. b4 Ncd7 13. Bd3 Nb6 14. O-O h6 
15. g4 Nc4 16. Qe1 Nb2 17. g5 h5 18. g6 Nxd3 19. cxd3 fxg6 20. Qg3 Nc6 
21. Qxg6 Qf7 22. Qxf7+ Kxf7 23. Ne2 Bd7 24. Kf2 Ne7 25. Ned4 Nc6 26. Nxc6 Bxc6 
27. Ke3 g6 28. a4 Rac8 29. Nd4 Bd7 30. Rfc1 Rg8 31. b5 axb5 32. Rxc8 Bxc8 
33. Rc1 g5 34. Rc7+ 1-0

[Event "Monday 29 January Rapid Engine Tour 12+1 Rounds 9 Starts 1600 ST"]
[Site "Infinity Chess"]
[Date "2018.1.29"]
[Round "7"]
[White "Thinker"]
[Black "IronMan"]
[Result "1/2-1/2"]
[ECO "B00"]
[WhiteElo "2387"]
[BlackElo "2409"]
[WhiteEngine "BrainFish_180128_x64_modern_CTG"]
[BlackEngine "SF SL FA 250118-IDeA"]
[EventType "Swiss"]
[WhiteTeam ""]
[BlackTeam ""]
[PlyCount "132"]
[TimeControl "720+1"]

1. e4 Nc6 2. Nf3 e5 3. Bc4 Nf6 4. d3 Bc5 5. c3 d6 6. O-O h6 7. h3 O-O 8. Re1 a5 
9. Nbd2 Be6 10. a4 Ba7 11. Bxe6 fxe6 12. Nf1 d5 13. Qc2 Nh5 14. N1h2 Qd6 
15. Ng4 Rad8 16. Ra3 Bc5 17. Ra1 d4 18. Qb3 Rxf3 19. gxf3 b6 20. Kh1 Ne7 
21. f4 exf4 22. Bd2 Nc6 23. e5 Qd7 24. Kh2 dxc3 25. Bxc3 Qf7 26. d4 Nxd4 
27. Bxd4 Bxd4 28. Qf3 Rd5 29. Rg1 Kh7 30. Rac1 Bxb2 31. Rcd1 Rxd1 32. Rxd1 Qf5 
33. Qc6 Bxe5 34. Nxe5 Qxe5 35. Qc2+ Kg8 36. Rd8+ Kf7 37. Rd7+ Kf6 38. Qxc7 Qb2 
39. Qd8+ Kf5 40. Rd2 Qb3 41. Rd7 Qb2 42. Rd2 Qb3 43. Qd4 Nf6 44. Rb2 e5 
45. Qxf4+ Kxf4 46. Rxb3 Nd7 47. Kg2 e4 48. Rb1 h5 49. Rb5 g5 50. Kf1 h4 
51. Ke2 Nc5 52. Rxb6 Nxa4 53. Rf6+ Ke5 54. Ra6 Kf4 55. Rxa5 Nb2 56. Ra1 Nd3 
57. f3 Nb2 58. fxe4 Nc4 59. Ra4 Ne5 60. Ra5 g4 61. hxg4 h3 62. g5 h2 
63. Ra1 Kxg5 64. Rh1 Ng4 65. Kf3 Ne5+ 66. Ke2 Ng4 1/2-1/2

[Event "Monday 29 January Rapid Engine Tour 12+1 Rounds 9 Starts 1600 ST"]
[Site "Infinity Chess"]
[Date "2018.1.29"]
[Round "7"]
[White "BraveDevil"]
[Black "hafaba"]
[Result "1/2-1/2 "]
[ECO "B00"]
[WhiteElo "2428"]
[BlackElo "2460"]
[WhiteEngine "Cryptic AIL V2"]
[BlackEngine "SF SL FA 26012018 POPCNT_CTG"]
[EventType "Swiss"]
[WhiteTeam ""]
[BlackTeam ""]
[PlyCount "123"]
[TimeControl "720+1"]

1. e4 Nc6 2. d4 d5 3. e5 Bf5 4. Nf3 e6 5. Nbd2 Nb4 6. Bb5+ c6 7. Ba4 Qa5 
8. Bb3 c5 9. O-O c4 10. c3 cxb3 11. Nxb3 Qb5 12. cxb4 Bxb4 13. a3 Bf8 
14. Nc5 Bxc5 15. dxc5 Ne7 16. b4 Nc6 17. Nd4 Qd3 18. Nxc6 bxc6 19. Qxd3 Bxd3 
20. Rd1 Bc2 21. Rd4 Bb3 22. a4 Bc4 23. Bd2 O-O 24. a5 f5 25. Rb1 Rf7 26. f3 Rb8 
27. Kf2 Rbf8 28. g3 a6 29. h4 Rb7 30. h5 Rfb8 31. Rg1 g5 32. hxg6 hxg6 
33. g4 Rg7 34. Rh1 Rh7 35. Rxh7 Kxh7 36. g5 Kg7 37. Rh4 Rh8 38. Rxh8 Kxh8 
39. f4 Bd3 40. Kf3 Kh7 41. Ke3 Bb5 42. Bc1 Bf1 43. Bb2 Kg8 44. Bc3 Bb5 
45. Bd2 Bc4 46. Bc1 Kf7 47. Kd2 Ke7 48. Ke3 Kf7 49. Kf3 Bd3 50. Bb2 Kf8 
51. Ke3 Bb5 52. Ba1 Ke7 53. Bc3 Bf1 54. Bd4 Bc4 55. Bb2 Bb3 56. Ba3 Kf7 
57. Bb2 Ke7 58. Bd4 Kf7 59. Kd3 Bc4+ 60. Kc2 Bb5 61. Kb3 Bf1 62. Kb2 1/2-1/2

[Event "Monday 29 January Rapid Engine Tour 12+1 Rounds 9 Starts 1600 ST"]
[Site "Infinity Chess"]
[Date "2018.1.29"]
[Round "7"]
[White "Satria_Ungu"]
[Black "star99"]
[Result "1/2-1/2"]
[ECO "A05"]
[WhiteElo "2364"]
[BlackElo "2383"]
[WhiteEngine "Houdini 6_CTG"]
[BlackEngine "Cryptic AIL V2"]
[EventType "Swiss"]
[WhiteTeam ""]
[BlackTeam ""]
[PlyCount "123"]
[TimeControl "720+1"]

1. Nf3 Nf6 2. d4 d5 3. c4 e6 4. Nc3 c6 5. e3 Nbd7 6. Qc2 Bd6 7. Bd3 O-O 
8. O-O dxc4 9. Bxc4 a6 10. e4 e5 11. h3 b5 12. Be2 Re8 13. Be3 Qc7 14. Rad1 exd4 
15. Nxd4 b4 16. Na4 c5 17. Nf5 Bh2+ 18. Kh1 Nxe4 19. g3 Ndf6 20. Nh6+ gxh6 
21. Kxh2 Bf5 22. Bd3 Rac8 23. b3 Bd7 24. Rfe1 Bxa4 25. bxa4 Qc6 26. Qc1 c4 
27. Bf1 c3 28. Rd4 Qe6 29. Rxb4 h5 30. Bg2 Qxa2 31. Bd4 Qd2 32. Rd1 Qxc1 
33. Rxc1 Nd5 34. Rb7 Kf8 35. Rd7 Ndf6 36. Bxf6 Nxf6 37. Rd3 Ne4 38. f3 Nf2 
39. Rdxc3 Rxc3 40. Rxc3 Nd1 41. Rc1 Ne3 42. h4 Nxg2 43. Kxg2 Re2+ 44. Kf1 Ra2 
45. Rc5 Rxa4 46. Rxh5 Kg7 47. Kf2 a5 48. Rg5+ Kf6 49. Rc5 Ra2+ 50. Ke3 a4 
51. Ra5 a3 52. Ra6+ Ke5 53. Ra5+ Kd6 54. Kd3 Ra1 55. Kc4 a2 56. Kb3 Rg1 
57. Kxa2 Rxg3 58. Rh5 Rxf3 59. Rxh7 f6 60. Kb2 f5 61. h5 f4 62. Rf7 1/2-1/2

[Event "Monday 29 January Rapid Engine Tour 12+1 Rounds 9 Starts 1600 ST"]
[Site "Infinity Chess"]
[Date "2018.1.29"]
[Round "7"]
[White "Dovahkiin"]
[Black "RonWeasley"]
[Result "1/2-1/2"]
[ECO "C12"]
[WhiteElo "2392"]
[BlackElo "2458"]
[WhiteEngine "BrainFish_180128_x64_modern_CTG"]
[BlackEngine "BrainFish 060118_CTG"]
[EventType "Swiss"]
[WhiteTeam ""]
[BlackTeam ""]
[PlyCount "147"]
[TimeControl "720+1"]

1. e4 e6 2. d4 d5 3. Nc3 Nf6 4. Bg5 Bb4 5. e5 h6 6. Be3 Ne4 7. Qg4 g6 
8. a3 Bxc3+ 9. bxc3 Nxc3 10. Bd3 b6 11. Ne2 Nxe2 12. Qxe2 Bb7 13. h4 c5 
14. c3 Qc7 15. Rb1 h5 16. a4 c4 17. Bc2 Nc6 18. Bg5 Kd7 19. Bf6 Rh7 20. O-O Na5 
21. f4 Kc6 22. f5 gxf5 23. Rb5 Rd8 24. Qe3 Bc8 25. Rfb1 Rdh8 26. Bxh8 Rxh8 
27. Qg5 Qd8 28. Qxd8 Rxd8 29. Re1 Kd7 30. Re3 Rg8 31. Kf2 Ke7 32. Rg3 Rxg3 
33. Kxg3 Bd7 34. Rb1 f6 35. exf6+ Kxf6 36. Bd1 Be8 37. Kf4 Nb7 38. g3 Nd6 
39. Bc2 b5 40. axb5 Nxb5 41. Re1 Nxc3 42. Bxf5 Bf7 43. Bb1 a5 44. g4 hxg4 
45. Kxg4 Nxb1 46. Rf1+ Kg7 47. Rxb1 Bg6 48. Rb6 Kf6 49. Rc6 Bf5+ 50. Kf4 Kg6 
51. Ke3 Kh5 52. Kd2 Kxh4 53. Ra6 Kh5 54. Rxa5 Kg5 55. Kc3 Kf4 56. Ra1 Ke3 
57. Rf1 Ke2 58. Ra1 Ke3 59. Rf1 Ke4 60. Rg1 Ke3 61. Rg8 Kf4 62. Rg2 Kf3 
63. Rg1 Bd3 64. Ra1 Kf4 65. Rg1 Kf3 66. Ra1 Kf4 67. Ra5 Ke4 68. Ra6 Kf5 
69. Kd2 e5 70. Ke3 exd4+ 71. Kxd4 Be4 72. Rd6 Kg5 73. Rd8 Kf5 74. Rc8 1/2-1/2

[Event "Monday 29 January Rapid Engine Tour 12+1 Rounds 9 Starts 1600 ST"]
[Site "Infinity Chess"]
[Date "2018.1.29"]
[Round "7"]
[White "Marsell"]
[Black "angriff"]
[Result "1/2-1/2"]
[ECO "B00"]
[WhiteElo "2458"]
[BlackElo "2419"]
[WhiteEngine "asmFishW_2018-01-11_popcnt"]
[BlackEngine "Stockfish SL FA POPCNT_CTG"]
[EventType "Swiss"]
[WhiteTeam ""]
[BlackTeam ""]
[PlyCount "91"]
[TimeControl "720+1"]

1. e4 Nc6 2. d4 d5 3. e5 Bf5 4. c3 e6 5. Nd2 Qd7 6. Be2 f6 7. f4 g5 
8. Ndf3 O-O-O 9. Bb5 gxf4 10. Bxf4 Qg7 11. Bg3 Nce7 12. Ne2 Ng6 13. O-O fxe5 
14. Qa4 Kb8 15. Bxe5 Nf6 16. Ng3 h5 17. Nxf5 exf5 18. Bxf6 Qxf6 19. Be8 Bd6 
20. Bxg6 h4 21. Rae1 Qxg6 22. Ne5 Bxe5 23. dxe5 h3 24. g3 Qe6 25. Rf2 Rdf8 
26. Qd4 Rhg8 27. Ree2 a5 28. a3 b6 29. Qh4 Rh8 30. Qd4 Rhg8 31. Rd2 Rd8 
32. Rf4 Rg4 33. Kf2 Kb7 34. Ke1 c5 35. Qe3 Kc7 36. Kd1 Rdg8 37. Rdf2 Rd8 
38. Rxf5 d4 39. Rf7+ Rd7 40. Rxd7+ Qxd7 41. cxd4 Rxd4+ 42. Kc1 Rc4+ 43. Rc2 Rd4 
44. Rf2 Rc4+ 45. Rc2 Rd4 46. Rf2 1/2-1/2

[Event "Monday 29 January Rapid Engine Tour 12+1 Rounds 9 Starts 1600 ST"]
[Site "Infinity Chess"]
[Date "2018.1.29"]
[Round "7"]
[White "MarioDeMonti"]
[Black "KhalidOmar"]
[Result "1-0"]
[ECO "B90"]
[WhiteElo "2464"]
[BlackElo "2451"]
[WhiteEngine "stockfish_x64_bmi2_2018_01_13_CTG"]
[BlackEngine "Eman 1.68c 64-bit BMI2"]
[EventType "Swiss"]
[WhiteTeam ""]
[BlackTeam ""]
[PlyCount "196"]
[TimeControl "720+1"]

1. e4 c5 2. Nf3 d6 3. d4 cxd4 4. Nxd4 Nf6 5. Nc3 a6 6. Be3 e5 7. Nb3 Be6 
8. f3 Nbd7 9. Qd2 Be7 10. g4 O-O 11. O-O-O b5 12. g5 Nh5 13. Kb1 Nb6 
14. Nd5 Nxd5 15. exd5 Bd7 16. Na5 Qc7 17. Rg1 g6 18. c4 f6 19. Rc1 b4 
20. Qxb4 fxg5 21. Bb6 Qc8 22. Qa3 Rf6 23. Ka1 Bf8 24. Qe3 Nf4 25. c5 Bb5 
26. cxd6 Qf5 27. Bc4 Bxd6 28. Rgd1 g4 29. fxg4 Qxg4 30. Bc5 Ne2 31. h3 Qh5 
32. Rb1 Nd4 33. Bxd4 exd4 34. Qxd4 Rf7 35. h4 Rb8 36. Bxb5 axb5 37. Qe4 Ra8 
38. Nc6 Qf3 39. Qxf3 Rxf3 40. Nd4 Rf4 41. Nxb5 Be5 42. Rd2 Rb8 43. Re2 Bf6 
44. Nc7 Rxh4 45. a3 g5 46. Ne6 Rh3 47. Ka2 g4 48. d6 Rd3 49. Rg2 Rxd6 
50. Rxg4+ Kh8 51. Ng5 h5 52. Rg2 Rd4 53. Ne6 Rg4 54. Rf2 Be7 55. Rd1 Re8 
56. Nf4 Rf8 57. Re2 h4 58. Rxe7 Rfxf4 59. Rd3 Rg3 60. Rd5 Rg2 61. Rdd7 Rg1 
62. Rd5 Rg2 63. Ra5 Rg3 64. Ra8+ Rg8 65. Raa7 Rgg4 66. Re8+ Rg8 67. Ree7 Rg3 
68. Ra5 Rd4 69. Ra8+ Rg8 70. Raa7 Rg3 71. Rh7+ Kg8 72. Rhb7 Kh8 73. Rb8+ Rg8 
74. Rb5 Rg3 75. Rb6 Re4 76. Rb8+ Rg8 77. Rb3 Rg3 78. Rb5 Rc4 79. Rb8+ Rg8 
80. Rbb7 Rgg4 81. Ra8+ Rg8 82. Ra5 Rgg4 83. Kb3 Rce4 84. a4 Rg3+ 85. Ka2 h3 
86. Rh5+ Kg8 87. b3 Rg2+ 88. Ka3 h2 89. Rbh7 Ree2 90. a5 Ra2+ 91. Kb4 Kf8 
92. Rh4 Rab2 93. Rc4 Kg8 94. Re7 Kf8 95. Rb7 Rbe2 96. Rc8+ Re8 97. Rxe8+ Kxe8 
98. Rh7 Kd8 1-0

[Event "Monday 29 January Rapid Engine Tour 12+1 Rounds 9 Starts 1600 ST"]
[Site "Infinity Chess"]
[Date "2018.1.29"]
[Round "7"]
[White "Eman"]
[Black "ivrdurant"]
[Result "1/2-1/2"]
[ECO "E06"]
[WhiteElo "2485"]
[BlackElo "2390"]
[WhiteEngine "Eman 1.68c 64-bit POPCNT"]
[BlackEngine "Raubfisch X37b3._CTG"]
[EventType "Swiss"]
[WhiteTeam ""]
[BlackTeam ""]
[PlyCount "93"]
[TimeControl "720+1"]

1. d4 Nf6 2. c4 e6 3. g3 d5 4. Bg2 Bb4+ 5. Nd2 O-O 6. Ngf3 b6 7. a3 Be7 
8. cxd5 exd5 9. Ne5 c5 10. O-O Re8 11. dxc5 Qc7 12. Ndf3 bxc5 13. b4 Bd6 
14. Nd3 Nbd7 15. bxc5 Nxc5 16. Bb2 Nce4 17. Rc1 Qd7 18. Nfe5 Qb7 19. Bd4 a5 
20. a4 Bf5 21. e3 Rac8 22. Qf3 Be6 23. Qe2 Nd7 24. Nxd7 Bxd7 25. Qa2 h6 
26. h4 Rxc1 27. Rxc1 Rb8 28. Qa1 Qb3 29. Ne5 Bxa4 30. Nc4 Bf8 31. Nxa5 Qb4 
32. Nc6 Bxc6 33. Rxc6 Qd2 34. Qf1 Rb1 35. Qxb1 Qxf2+ 36. Kh2 Qxg3+ 37. Kg1 Qf2+ 
38. Kh2 Qxh4+ 39. Kg1 Qf2+ 40. Kh2 Qg3+ 41. Kg1 Qf2+ 42. Kh2 Bd6+ 43. Rxd6 Qh4+ 
44. Kg1 Qf2+ 45. Kh2 Qh4+ 46. Kg1 Qf2+ 47. Kh2 1/2-1/2

[Event "Monday 29 January Rapid Engine Tour 12+1 Rounds 9 Starts 1600 ST"]
[Site "Infinity Chess"]
[Date "2018.1.29"]
[Round "7"]
[White "CrapCleaner"]
[Black "KULLANI"]
[Result "1/2-1/2"]
[ECO "C50"]
[WhiteElo "2417"]
[BlackElo "2421"]
[WhiteEngine "Raubfisch ME262_GTZ16b4_CTG"]
[BlackEngine "BrainFish_180124_x64_CTG"]
[EventType "Swiss"]
[WhiteTeam ""]
[BlackTeam ""]
[PlyCount "104"]
[TimeControl "720+1"]

1. e4 e5 2. Nf3 Nc6 3. Bc4 Bc5 4. O-O Nf6 5. d3 d6 6. c3 a5 7. Bg5 Ba7 
8. Nbd2 h6 9. Bh4 g5 10. Bg3 O-O 11. Re1 Nh7 12. h3 h5 13. d4 h4 14. Bh2 g4 
15. hxg4 Bxg4 16. Bd5 exd4 17. Qb3 dxc3 18. Qxc3 Ne7 19. Bxb7 Rb8 20. Ba6 Ng6 
21. Rac1 Bc5 22. b3 Bb4 23. Qe3 Bxf3 24. Nxf3 Bxe1 25. Rxe1 Re8 26. Bc4 Qf6 
27. Bd5 Nhf8 28. Kh1 Ne5 29. Nxe5 dxe5 30. f4 exf4 31. Qxf4 Qxf4 32. Bxf4 Ne6 
33. Be5 Rb5 34. Bc6 Rxe5 35. Bxe8 f5 36. Bd7 Nd4 37. Rd1 Rxe4 38. Bc8 Kf7 
39. Rc1 Kf6 40. Rxc7 Kg5 41. Rc5 Re1+ 42. Kh2 Re2 43. Kh3 Rxa2 44. Rd5 Rd2 
45. Rxa5 Rd3+ 46. Kh2 Rc3 47. Rd5 Nf3+ 48. gxf3 Rxc8 49. b4 Rc4 50. b5 Rc2+ 
51. Kh3 Rc3 52. Kg2 Rb3 1/2-1/2

[Event "Monday 29 January Rapid Engine Tour 12+1 Rounds 9 Starts 1600 ST"]
[Site "Infinity Chess"]
[Date "2018.1.29"]
[Round "7"]
[White "Ninja_Bp"]
[Black "Vimtiroba"]
[Result "1/2-1/2"]
[ECO "A06"]
[WhiteElo "2462"]
[BlackElo "2485"]
[WhiteEngine "Houdini 6_CTG"]
[BlackEngine "SF@Infinity_CTG"]
[EventType "Swiss"]
[WhiteTeam ""]
[BlackTeam ""]
[PlyCount "137"]
[TimeControl "720+1"]

1. Nf3 d5 2. d4 Nf6 3. c4 e6 4. Nc3 c6 5. e3 Nbd7 6. Bd3 dxc4 7. Bxc4 b5 
8. Bd3 Bb7 9. O-O a6 10. Ne4 c5 11. Nxf6+ Qxf6 12. a4 b4 13. Re1 h6 14. b3 Bd6 
15. Nd2 O-O 16. Bb2 cxd4 17. exd4 Qe7 18. g3 Nf6 19. Nc4 Qc7 20. Be2 Rac8 
21. Bf3 Be7 22. Rc1 Qb8 23. h3 Qa7 24. Bxb7 Qxb7 25. h4 Nd5 26. Qf3 Qa7 
27. Ne5 Bd6 28. Nc4 Be7 29. Ne5 Bd6 30. Nc4 Qd7 31. Qd3 Rfd8 32. Qf3 Rc7 
33. Nxd6 Qxd6 34. Rxc7 Qxc7 35. Rc1 Qd7 36. Qe2 Qa7 37. Rc6 a5 38. Rc5 Qb6 
39. Qb5 Qxb5 40. Rxb5 Ra8 41. Kf1 g5 42. hxg5 hxg5 43. Bc1 g4 44. Rc5 Kh7 
45. Ke2 Kg7 46. Kd3 Kg6 47. Be3 f6 48. Bd2 Ra6 49. Rc8 Kf7 50. Kc4 Ra7 
51. Rd8 Kg7 52. Re8 Kf7 53. Rh8 Kg7 54. Rh4 Rc7+ 55. Kb5 Kg6 56. Rxg4+ Kf5 
57. f3 Rc2 58. Be1 Rb2 59. Re4 Rxb3 60. g4+ Kg6 61. Rxe6 Nc7+ 62. Kc4 Nxe6 
63. Kxb3 Nxd4+ 64. Kc4 Nxf3 65. Bxb4 axb4 66. Kxb4 f5 67. gxf5+ Kf7 68. a5 Nd4 
69. a6 1/2-1/2

[Event "Monday 29 January Rapid Engine Tour 12+1 Rounds 9 Starts 1600 ST"]
[Site "Infinity Chess"]
[Date "2018.1.29"]
[Round "7"]
[White "SkyPilot"]
[Black "MCDermont"]
[Result "1/2-1/2"]
[ECO "C11"]
[WhiteElo "2479"]
[BlackElo "2504"]
[WhiteEngine "stockfish_x64_bmi2_2018_01_13_CTG"]
[BlackEngine "BrainFish 060118_CTG"]
[EventType "Swiss"]
[WhiteTeam ""]
[BlackTeam ""]
[PlyCount "130"]
[TimeControl "720+1"]

1. e4 e6 2. d4 d5 3. Nc3 Nf6 4. e5 Nfd7 5. f4 c5 6. Nf3 Nc6 7. Be3 cxd4 
8. Nxd4 Qb6 9. a3 Bc5 10. Ncb5 a6 11. Nxc6 axb5 12. Bxc5 Nxc5 13. Nd4 Bd7 
14. c3 O-O 15. Be2 f6 16. exf6 Rxf6 17. g3 g5 18. Qd2 gxf4 19. gxf4 Qd6 
20. Rf1 Ne4 21. Qe3 Raf8 22. Bxb5 Bxb5 23. Nxb5 Qc5 24. Qxc5 Nxc5 25. b4 Ne4 
26. c4 dxc4 27. Rd1 c3 28. Ke2 Rxf4 29. Rxf4 Rxf4 30. Rd8+ Kf7 31. Kd3 Kf6 
32. Nxc3 Nxc3 33. Kxc3 Rf3+ 34. Kb2 Rf2+ 35. Kb3 Rxh2 36. a4 e5 37. Kc4 Rc2+ 
38. Kd3 Rb2 39. Kc4 Re2 40. Kc3 Kg6 41. a5 Ra2 42. Kd3 h5 43. Kc4 e4 
44. Rg8+ Kf5 45. Rf8+ Kg4 46. Rg8+ Kf3 47. Rf8+ Ke2 48. Rb8 Rc2+ 49. Kb5 e3 
50. Rxb7 h4 51. a6 Ra2 52. a7 h3 53. Rf7 Kd2 54. Rf3 e2 55. Rxh3 e1=Q 
56. Rh2+ Kc1 57. Rxa2 Qe8+ 58. Kc5 Qe5+ 59. Kc6 Qe4+ 60. Kc5 Qf5+ 61. Kd6 Qf8+ 
62. Kc6 Qe8+ 63. Kd6 Qd8+ 64. Kc6 Qf6+ 65. Kc7 Qc3+ 1/2-1/2

[Event "Monday 29 January Rapid Engine Tour 12+1 Rounds 9 Starts 1600 ST"]
[Site "Infinity Chess"]
[Date "2018.1.29"]
[Round "6"]
[White "hafaba"]
[Black "Katzenmaier"]
[Result "1/2-1/2"]
[ECO "E15"]
[WhiteElo "2459"]
[BlackElo "2472"]
[WhiteEngine "SF SL FA 26012018 POPCNT_CTG"]
[BlackEngine "SugaR XPrO x64 POPCNT_CTG"]
[EventType "Swiss"]
[WhiteTeam ""]
[BlackTeam ""]
[PlyCount "134"]
[TimeControl "720+1"]

1. d4 Nf6 2. c4 e6 3. Nf3 b6 4. g3 Ba6 5. Qa4 Bb7 6. Bg2 c5 7. O-O cxd4 
8. Nxd4 Bxg2 9. Kxg2 Qc7 10. Nc3 Be7 11. e4 O-O 12. Bf4 Qb7 13. f3 a6 
14. Qc2 Rc8 15. Qe2 Nc6 16. Nxc6 Rxc6 17. e5 Ne8 18. a4 d6 19. exd6 Bxd6 
20. Be3 Bb4 21. Rac1 Nd6 22. b3 Re8 23. Bf2 f5 24. Rfd1 Qc8 25. Na2 Bc5 
26. Bxc5 bxc5 27. Rc3 Nf7 28. Re3 Rb6 29. Nc1 Rb7 30. Rd2 Rbe7 31. Nd3 e5 
32. Nf2 Ng5 33. Rd5 e4 34. fxe4 Nxe4 35. Nxe4 fxe4 36. Qh5 g6 37. Qd1 Rf7 
38. Qe2 Rfe7 39. Qd2 Rf7 40. h4 Qe6 41. Rxc5 Rf3 42. Rd5 Qg4 43. Qe1 Ref8 
44. b4 Qe6 45. Rd2 Rxe3 46. Qxe3 Qxc4 47. Re2 Qxb4 48. Qxe4 Qxe4+ 49. Rxe4 a5 
50. g4 Rc8 51. Kf3 Rc3+ 52. Kf4 Kg7 53. g5 h6 54. Re7+ Kf8 55. Re4 Kg7 
56. gxh6+ Kxh6 57. Kg4 Ra3 58. Rd4 Ra1 59. Kf4 Kh5 60. Ke3 Ra3+ 61. Ke2 Rc3 
62. Kf2 Rc5 63. Kg2 g5 64. hxg5 Rxg5+ 65. Kf3 Rc5 66. Rd6 Rc1 67. Rd5+ Kh6 
1/2-1/2

[Event "Monday 29 January Rapid Engine Tour 12+1 Rounds 9 Starts 1600 ST"]
[Site "Infinity Chess"]
[Date "2018.1.29"]
[Round "6"]
[White "IronMan"]
[Black "Satria_Ungu"]
[Result "1/2-1/2"]
[ECO "A20"]
[WhiteElo "2411"]
[BlackElo "2362"]
[WhiteEngine "SF SL FA 250118-IDeA"]
[BlackEngine "Houdini 6_CTG"]
[EventType "Swiss"]
[WhiteTeam ""]
[BlackTeam ""]
[PlyCount "120"]
[TimeControl "720+1"]

1. c4 e5 2. e3 Nc6 3. Nc3 Nf6 4. d4 Bb4 5. Nf3 Bxc3+ 6. bxc3 d6 7. Ba3 e4 
8. Nd2 O-O 9. c5 dxc5 10. Bxc5 Re8 11. Ba3 Qd5 12. Rb1 a6 13. Qc2 h5 14. h3 h4 
15. Be2 Qg5 16. Kf1 Nd5 17. Rc1 Bf5 18. Bc4 Bg6 19. Bxd5 Qxd5 20. Kg1 Rad8 
21. Nb1 f5 22. c4 Qf7 23. Kh2 f4 24. Rhg1 Bh5 25. Rce1 b6 26. Kh1 Bg6 
27. Qa4 Nxd4 28. exd4 Rxd4 29. Bc1 Rxc4 30. Qb3 b5 31. Nd2 Ra4 32. a3 Rd4 
33. Qxf7+ Bxf7 34. Nb1 g5 35. Bb2 Rd6 36. Nc3 Bg6 37. Rd1 Red8 38. Rde1 Re8 
39. Rd1 Red8 40. Rde1 Rd2 41. Ba1 Re8 42. Rd1 Red8 43. Rde1 Re8 44. Rd1 e3 
45. fxe3 fxe3 46. Nd5 e2 47. Rxd2 e1=Q 48. Nf6+ Kf8 49. Rd1 Qe2 50. Nxe8 Be4 
51. Rd8 Bxg2+ 52. Rxg2 Qf1+ 53. Kh2 Qf4+ 54. Kg1 Qc1+ 55. Kf2 Qc2+ 56. Kf3 Qf5+ 
57. Ke2 Qe4+ 58. Kf2 Qc2+ 59. Kg1 Qc1+ 60. Kf2 Qc2+ 1/2-1/2

[Event "Monday 29 January Rapid Engine Tour 12+1 Rounds 9 Starts 1600 ST"]
[Site "Infinity Chess"]
[Date "2018.1.29"]
[Round "6"]
[White "angriff"]
[Black "Dinkelberger"]
[Result "1-0"]
[ECO "E16"]
[WhiteElo "2403"]
[BlackElo "2411"]
[WhiteEngine "Stockfish SL FA POPCNT_CTG"]
[BlackEngine "stockfish_18012814_x64_modern_CTG"]
[EventType "Swiss"]
[WhiteTeam ""]
[BlackTeam ""]
[PlyCount "66"]
[TimeControl "720+1"]

1. d4 Nf6 2. c4 e6 3. Nf3 b6 4. g3 Bb7 5. Bg2 Bb4+ 6. Bd2 Bxd2+ 7. Qxd2 O-O 
8. Nc3 d5 9. cxd5 exd5 10. O-O c6 11. Rad1 Re8 12. Ne5 Nbd7 13. f4 b5 
14. Rfe1 Nb6 15. Qc2 a5 16. e3 Rc8 17. Rc1 Re7 18. Nd1 Nfd7 19. Qe2 f6 
20. Nd3 Nc4 21. f5 b4 22. Nf4 Qb6 23. b3 Nd6 24. g4 Ne4 25. Nb2 Nc3 26. Qf2 Rce8 
27. a3 bxa3 28. Rxc3 axb2 29. Qxb2 Nb8 30. Qf2 Na6 31. Rec1 Nc7 32. Bf3 Kh8 
33. Kg2 Qb4 1-0

[Event "Monday 29 January Rapid Engine Tour 12+1 Rounds 9 Starts 1600 ST"]
[Site "Infinity Chess"]
[Date "2018.1.29"]
[Round "6"]
[White "Dovahkiin"]
[Black "Thinker"]
[Result "1/2-1/2"]
[ECO "C77"]
[WhiteElo "2392"]
[BlackElo "2387"]
[WhiteEngine "BrainFish_180128_x64_modern_CTG"]
[BlackEngine "BrainFish_180128_x64_modern_CTG"]
[EventType "Swiss"]
[WhiteTeam ""]
[BlackTeam ""]
[PlyCount "125"]
[TimeControl "720+1"]

1. e4 e5 2. Nf3 Nc6 3. Bb5 a6 4. Ba4 Nf6 5. d3 Bc5 6. O-O b5 7. Bb3 d6 8. a4 b4 
9. Be3 Bxe3 10. fxe3 O-O 11. Nbd2 a5 12. h3 Ne7 13. Qe1 h6 14. Nh4 Kh7 
15. Qe2 Ng6 16. Nf5 Be6 17. Rf2 Bxb3 18. Nxb3 Ne7 19. Ng3 Nd7 20. Nd2 Ng8 
21. Raf1 Ngf6 22. b3 g6 23. c3 Kg7 24. cxb4 axb4 25. Nc4 Qe7 26. Qd2 Rfb8 
27. Qc2 Ra6 28. a5 Rf8 29. Qd2 c5 30. Qe2 h5 31. Qd1 Nh7 32. Kh2 f6 33. Qf3 Nb8 
34. Ra1 Nc6 35. Rfa2 Ng5 36. Qe2 Qd8 37. Kg1 Ne6 38. Rf1 Kh6 39. d4 exd4 
40. Ne5 Nxe5 41. Qxa6 Qc7 42. exd4 Nxd4 43. Raf2 Kg7 44. Ne2 Nxb3 45. Nf4 Nd4 
46. Nd5 Qc6 47. Qa7+ Rf7 48. Qb8 f5 49. a6 Qxa6 50. exf5 Ne2+ 51. Rxe2 Qxe2 
52. Qxd6 b3 53. Nf4 Qe3+ 54. Kh2 Rxf5 55. Nxh5+ Rxh5 56. Qf8+ Kh7 57. Qe7+ Kh6 
58. Qf8+ Kg5 59. Qd8+ Kh6 60. Qh8+ Kg5 61. Qd8+ Kh6 62. Qf8+ Kg5 63. Qd8+ 
1/2-1/2

[Event "Monday 29 January Rapid Engine Tour 12+1 Rounds 9 Starts 1600 ST"]
[Site "Infinity Chess"]
[Date "2018.1.29"]
[Round "6"]
[White "star99"]
[Black "Marsell"]
[Result "1/2-1/2"]
[ECO "D44"]
[WhiteElo "2380"]
[BlackElo "2461"]
[WhiteEngine "Cryptic AIL V2"]
[BlackEngine "asmFishW_2018-01-11_popcnt"]
[EventType "Swiss"]
[WhiteTeam ""]
[BlackTeam ""]
[PlyCount "86"]
[TimeControl "720+1"]

1. d4 d5 2. c4 e6 3. Nc3 Nf6 4. Nf3 c6 5. Bg5 h6 6. Bh4 dxc4 7. e4 g5 8. Bg3 b5 
9. Ne5 Nbd7 10. Nxc6 Qb6 11. d5 Bb7 12. a4 a6 13. Be2 Bxc6 14. dxc6 Qxc6 
15. e5 Nd5 16. Nxd5 Qxd5 17. Qxd5 exd5 18. axb5 Bb4+ 19. Kd1 Nc5 20. bxa6 Kd7 
21. Kc2 Nb3 22. f4 Nxa1+ 23. Rxa1 Kc6 24. fxg5 hxg5 25. b3 cxb3+ 26. Kxb3 Rhb8 
27. Kc2 Bc5 28. Rf1 Bd4 29. Rxf7 Rb2+ 30. Kd1 Rb1+ 31. Kc2 Rb2+ 32. Kd1 Ra2 
33. e6 Ra1+ 34. Kc2 Ra2+ 35. Kd1 Ra1+ 36. Kc2 Ra2+ 37. Kd3 Bb6 38. e7 Ra3+ 
39. Kc2 Ra2+ 40. Kd1 Ra1+ 41. Kc2 Ra2+ 42. Kd1 Ra1+ 43. Kc2 Ra2+ 1/2-1/2

[Event "Monday 29 January Rapid Engine Tour 12+1 Rounds 9 Starts 1600 ST"]
[Site "Infinity Chess"]
[Date "2018.1.29"]
[Round "6"]
[White "RonWeasley"]
[Black "MarioDeMonti"]
[Result "1/2-1/2"]
[ECO "B97"]
[WhiteElo "2458"]
[BlackElo "2464"]
[WhiteEngine "BrainFish 060118_CTG"]
[BlackEngine "stockfish_x64_bmi2_2018_01_13_CTG"]
[EventType "Swiss"]
[WhiteTeam ""]
[BlackTeam ""]
[PlyCount "97"]
[TimeControl "720+1"]

1. e4 c5 2. Nf3 d6 3. d4 cxd4 4. Nxd4 Nf6 5. Nc3 a6 6. Bg5 e6 7. f4 Qb6 
8. Qd2 Qxb2 9. Rb1 Qa3 10. e5 h6 11. Bh4 dxe5 12. fxe5 g5 13. exf6 gxh4 
14. Be2 Qa5 15. O-O Nd7 16. Kh1 Qg5 17. Rf4 e5 18. Nd5 exd4 19. Qxd4 Bc5 
20. Qe4+ Kd8 21. Rf5 Re8 22. Qxe8+ Kxe8 23. Rxg5 hxg5 24. Nc7+ Kd8 25. Nxa8 Nxf6 
26. Bf3 b5 27. Rd1+ Ke7 28. Nc7 Bb6 29. Nd5+ Nxd5 30. Bxd5 f5 31. c3 Bf2 
32. h3 g4 33. Rd2 Bb6 34. hxg4 fxg4 35. Bb3 Ba5 36. Rd3 Bc7 37. c4 Bf5 
38. Rd5 Be4 39. Rd4 Bc6 40. cxb5 axb5 41. Bd5 Bd7 42. Be4 Bd6 43. Rd5 Be6 
44. Rxb5 Bxa2 45. Bd5 Bxd5 46. Rxd5 Ke6 47. Rg5 h3 48. Rxg4 hxg2+ 49. Kxg2 
1/2-1/2